 Dungeon Crawl Stone Soup version 0.16.0-17-g811c1d7 (webtiles) character file.

12828 valak23 the Nimble (level 11, -2/99 HPs)
             Began as a Red Draconian Berserker on Mar 21, 2015.
             Was a High Priest of Trog.
             Slain by a freezing wraith (4 damage)
             ... in an ice cave.
             The game lasted 00:50:22 (10891 turns).

valak23 the Nimble (Red Draconian Berserker)       Turns: 10891, Time: 00:50:22

Health: -2/99      AC: 12    Str: 22    XL:     11   Next: 67%
Magic:  12/12      EV: 18    Int: 11    God:    Trog [*****.]
Gold:   697        SH:  0    Dex: 13    Spells: 0 memorised, 10 levels left

rFire  + . .     SeeInvis .     b - +6 dire flail (crush)
rCold  . . .     Clarity  .     (armour unavailable)
rNeg   . . .     SustAb   .     (no shield)
rPois  .         Gourm    .     H - +1 hat
rElec  .         Spirit   .     r - +1 cloak
rCorr  .         Warding  .     W - +0 pair of gloves
rMut   .         Stasis   .     q - +0 pair of boots
MR     .....                    (no amulet)
Stlth  +.........               y - +2 ring of dexterity
                                N - +3 ring of intelligence

@: not resistant to hostile enchantments, very unstealthy
A: breathe fire, unfitting armour, fire resistance 1, cold-blooded, AC +7
a: Breathe Fire, Burn Spellbooks, Berserk, Trog's Hand, Brothers in Arms,
Renounce Religion


You were in an ice cave.
You worshipped Trog.
Trog was extremely pleased with you.
You were very full.

You visited 2 branches of the dungeon, and saw 13 of its levels.
You also visited: Sewer, Bailey and Ice Cave.

You collected 697 gold pieces.

Inventory:

Hand weapons
 b - a +6 dire flail of crushing (weapon)
 F - a +2 flail of protection
 X - a +6 double sword of holy wrath
Missiles
 V - 35 tomahawks of returning (quivered)
Armour
 q - a +0 pair of boots (worn)
 r - a +1 cloak (worn)
 H - a +1 hat (worn)
 W - a +0 pair of gloves (worn)
Jewellery
 i - an uncursed ring of protection from cold
 j - an uncursed ring of protection from cold
 y - a +2 ring of dexterity (right hand)
 N - a +3 ring of intelligence (left hand)
 Q - an uncursed ring of poison resistance
 R - an uncursed ring of flight
 T - an uncursed ring of protection from fire
Magical devices
 h - a wand of enslavement (22)
 s - a wand of random effects (33)
 t - a wand of fire (8)
 x - a wand of digging (0)
 K - a wand of enslavement (17)
 L - a wand of fire (4)
 M - a wand of fireball (0)
 O - a wand of slowing (21)
 P - a wand of frost (20)
 U - a wand of confusion (27)
Scrolls
 d - a scroll of remove curse
 k - 3 scrolls of fear
 l - a scroll of fog
 E - 2 scrolls of teleportation
 Z - a scroll of identify
Potions
 c - 4 potions of flight
 e - 2 potions of agility
 f - 2 potions of brilliance
 n - 3 potions of heal wounds
 v - 2 potions of degeneration {unknown}
 w - 3 potions of curing
 A - 2 potions of restore abilities
 D - a potion of poison {unknown}
 G - 2 potions of resistance {unknown}
 I - a potion of haste {unknown}
 J - a potion of might {unknown}
 Y - a potion of magic
Comestibles
 g - 9 fruits
 o - 10 beef jerkies
 z - 2 slices of pizza


   Skills:
 + Level 9.8 Fighting
   Level 6.8(9.6) Axes
 * Level 10.5(11.3) Maces & Flails
 + Level 11.0 Dodging
 - Level 0.7 Evocations


You had 10 spell levels left.
You didn't know any spells.

Dungeon Overview and Level Annotations

Branches:
Dungeon (12/15) Temple (0/1) D:4 D:5 Lair (0/8) D:10 Orc (2/4) D:12

Altars:
Ashenzari
Cheibriados
Dithmenos
Elyvilon
Kikubaaqudgha
Ru
Trog
Vehumet
Zin
The Shining One

Shops:
D:5 *


Innate Abilities, Weirdness & Mutations

You can breathe blasts of fire.
Your fiery red scales are hard (AC +7).
Your body does not fit into most forms of armour.
Your flesh is heat resistant.
Your cold-blooded metabolism reacts poorly to cold.


Message History

You feel as though you will be slow longer.
* * * LOW HITPOINT WARNING * * *
The freezing wraith hits you!
* * * LOW HITPOINT WARNING * * *
The freezing wraith closely misses you. The freezing wraith misses you.
The freezing wraith closely misses you. x2
You have got your breath back.
The freezing wraith hits you but does no damage.
The freezing wraith closely misses you.
The freezing wraith completely misses you.
The freezing wraith hits you but does no damage.
The freezing wraith closely misses you. The freezing wraith misses you.
The freezing wraith barely misses you.
The freezing wraith hits you but does no damage.
You feel yourself speed up. The freezing wraith closely misses you.
The freezing wraith hits you.
* * * LOW HITPOINT WARNING * * *
The freezing wraith hits you but does no damage.
The freezing wraith misses you. The freezing wraith hits you.
You die...

#..## ##..## ##..#
####..##
##.#....#.##
##..........#
##............#
####.............#
##.W@............##
##..W.###........##
#...### ###...####
. #..## ##### ..W
#...# #... ##..##
#... ##..##
#...###..##
#W....ยง.#


You could see 2 freezing wraiths.

Vanquished Creatures
  An unseen horror (D:8)
  A hill giant (D:12)
  An orc knight (Bailey)
  A cyclops (D:12)
  A gargoyle (D:12)
  A fire drake (D:10)
  A two-headed ogre (D:12)
  A troll (D:10)
  A wolf spider simulacrum (IceCv)
  The ghost of wojtek the Slicer, an average KoAs (D:4)
  2 deep elf magi (D:12)
  A wraith (D:12)
  2 hippogriffs
  2 hungry ghosts
  11 yaks
  2 vampire mosquitoes (D:10)
  A steam dragon (D:8)
  A sky beast (D:4)
  10 orc warriors
  15 ice beasts
  3 phantoms
  6 ogres
  3 centaurs (D:12)
  A necrophage (D:9)
  6 giant frogs
  3 big kobolds
  Blork the orc (D:4)
  A wyvern zombie (D:9)
  3 scorpions
  4 killer bees (D:9)
  A swamp dragon simulacrum (IceCv)
  15 wights
  2 goliath beetles
  3 jellies
  6 hounds
  A crimson imp (D:10)
  A giant frog zombie (D:9)
  5 orc priests
  A centaur skeleton (D:4)
  12 orc wizards
  2 quasits
  2 giant frog skeletons
  5 worker ants
  3 iguanas
  A wolf simulacrum (IceCv)
  A polar bear simulacrum (IceCv)
  A hound skeleton (D:4)
  A mummy (D:7)
  8 gnolls
  3 river rats (Sewer)
  5 white imps (IceCv)
  2 shadow imps
  11 adders
  2 giant mites
  A worm (D:3)
  2 adder zombies
  An adder skeleton (D:8)
  4 giant geckos
  2 oozes
  55 orcs
  8 bats
  A bat zombie (D:8)
  13 goblins
  18 hobgoblins
  15 jackals
  37 kobolds
  2 quokkas
  A ball python (D:1)
  6 giant cockroaches
  6 giant newts
  A giant spore (D:9)
  12 rats
  2 ballistomycetes (D:9)
369 creatures vanquished.

Vanquished Creatures (collateral kills)
  An ugly thing (D:12)
  A mottled dragon (D:12)
2 creatures vanquished.

Vanquished Creatures (others)
  An orc wizard (D:6)
  A giant gecko (D:8)
2 creatures vanquished.

Grand Total: 373 creatures vanquished

Notes
Turn   | Place    | Note
--------------------------------------------------------------
     0 | D:1      | valak23, the Draconian Berserker, began the quest for the Orb.
     0 | D:1      | Reached XP level 1. HP: 19/19 MP: 1/1
   115 | D:1      | Reached XP level 2. HP: 21/26 MP: 2/2
   271 | D:1      | Acquired Trog's second power
   797 | D:2      | Reached skill level 4 in Fighting
   797 | D:2      | Reached XP level 3. HP: 33/33 MP: 3/3
  1081 | D:2      | Reached XP level 4. HP: 36/40 MP: 4/4
  1709 | D:3      | Reached XP level 5. HP: 31/46 MP: 5/5
  1953 | D:3      | Noticed a phantom
  1984 | D:3      | Killed a phantom
  2070 | D:3      | Noticed a hippogriff
  2089 | D:3      | Killed a hippogriff
  2089 | D:3      | Reached skill level 5 in Dodging
  2089 | D:3      | Reached XP level 6. HP: 5/53 MP: 6/6
  2374 | D:4      | Found a glowing drain.
  2387 | Sewer    | Entered a sewer
  2493 | Sewer    | Your scales start taking on a fiery red colour.
  2493 | Sewer    | Gained mutation: Your flesh is heat resistant. [draconian maturity]
  2493 | Sewer    | Reached XP level 7. HP: 49/60 MP: 7/7
  2514 | Sewer    | Found a glowing silver altar of Zin.
  2650 | D:4      | Reached skill level 5 in Fighting
  2747 | D:4      | Reached skill level 6 in Dodging
  2843 | D:4      | Found a radiant altar of Vehumet.
  2865 | D:4      | Reached skill level 5 in Axes
  3162 | D:4      | Noticed wojtek's ghost (average KoAs)
  3178 | D:4      | Killed wojtek's ghost
  3178 | D:4      | Reached skill level 7 in Dodging
  3178 | D:4      | Reached XP level 8. HP: 69/69 MP: 8/8
  3186 | D:4      | Found a staircase to the Ecumenical Temple.
  3425 | D:4      | Acquired Trog's third power
  3574 | D:4      | Noticed Blork the orc
  3584 | D:4      | Killed Blork the orc
  3761 | D:5      | Entered Level 5 of the Dungeon
  3761 | D:5      | Found a shadowy altar of Dithmenos.
  3921 | D:5      | Found Zin's Purification Station.
  3925 | D:5      | Found a glowing silver altar of Zin.
  4086 | D:5      | Found a white marble altar of Elyvilon.
  4086 | D:5      | Found an ancient bone altar of Kikubaaqudgha.
  4190 | D:5      | Found a glowing golden altar of the Shining One.
  4397 | D:5      | Found a staircase to the Ecumenical Temple.
  4635 | D:6      | Found a shattered altar of Ashenzari.
  4714 | D:6      | Reached skill level 8 in Dodging
  5161 | D:6      | Received a gift from Trog
  5271 | D:6      | Reached XP level 9. HP: 42/78 MP: 9/9
  5288 | D:6      | Reached skill level 1 in Maces & Flails
  5817 | D:7      | Reached skill level 9 in Dodging
  6091 | D:7      | Found a snail-covered altar of Cheibriados.
  7188 | D:8      | Killed an unseen horror
  7200 | D:8      | Reached skill level 5 in Maces & Flails
  7200 | D:8      | Reached XP level 10. HP: 68/88 MP: 10/10
  8075 | D:9      | Found a radiant altar of Vehumet.
  8093 | D:9      | Found a bloodstained altar of Trog.
  8098 | D:9      | Found a sacrificial altar of Ru.
  8123 | D:9      | Reached skill level 10 in Dodging
  8155 | D:9      | Found a white marble altar of Elyvilon.
  8606 | D:10     | Entered Level 10 of the Dungeon
  8639 | D:10     | Found a staircase to the Lair.
  8891 | D:10     | You fall through a shaft for 2 floors!
  8918 | D:12     | Received a gift from Trog
  8938 | D:12     | Found a staircase to the Orcish Mines.
  9026 | D:12     | Noticed a red ugly thing
  9028 | D:12     | Killed a red ugly thing
  9315 | D:12     | Noticed a hill giant
  9319 | D:12     | Killed a hill giant
  9387 | D:12     | Reached XP level 11. HP: 91/95 MP: 11/11
  9705 | D:12     | Noticed a cyclops
  9710 | D:12     | Killed a cyclops
 10088 | Orc:1    | Entered Level 1 of the Orcish Mines
 10117 | Orc:2    | Found a flagged portal.
 10209 | Bailey   | Entered a bailey
 10549 | Bailey   | Received a gift from Trog
 10591 | Bailey   | Reached skill level 10 in Maces & Flails
 10754 | Orc:2    | Found a frozen archway.
 10780 | Orc:2    | Reached skill level 11 in Dodging
 10800 | IceCv    | Entered an ice cave
 10891 | IceCv    | HP: 2/99 [freezing wraith (5)]
 10891 | IceCv    | Slain by a freezing wraith

Action                   |  1- 3 |  4- 6 |  7- 9 | 10-12 || total
-------------------------+-------+-------+-------+-------++-------
Melee: Hand axe          |    75 |   170 |   231 |       ||   476
       Dire flail        |       |       |   109 |   334 ||   443
Invok: Berserk           |       |     1 |     1 |     3 ||     5
       Trog's Hand       |       |     1 |       |     1 ||     2
       Brothers in Arms  |       |       |       |     1 ||     1
 Abil: Breathe Fire      |       |       |     5 |     8 ||    13
Evoke: Wand              |       |       |       |    10 ||    10
  Use: Potion            |     5 |     3 |     4 |     1 ||    13
       Scroll            |       |     4 |    16 |     3 ||    23
 Stab: Sleeping          |       |     2 |     1 |       ||     3
  Eat: Bread ration      |     1 |     2 |     2 |     4 ||     9
       Meat ration       |       |       |     1 |     1 ||     2
       Fruit             |       |       |       |     3 ||     3
